Phantoms vs Reign (R1)

Created - May 19, 2021 at 19:20

Goals
1 2 3 T
Phantoms 1 1 3 5
Reign 3 2 1 6
Shots
1 2 3 T
Phantoms 11 8 7 26
Reign 11 14 10 35

1st period

1. Reign , Jonathan Drouin 4 (Mikko Rantanen 8) at 6:34 (PP)
2. Phantoms , Tyler Brenner 2 (Tomas Kubalik 3, Jake Dotchin 2) at 9:32
3. Reign , Lars Eller 2 (Jonathan Drouin 3, Ryan Hartman 2) at 15:59
4. Reign , Ryan Hartman 2 (Jonathan Drouin 4) at 18:14

Penalties :
Ryan Hartman (Ont) for Slashing (Minor) at 0:44, Anton Forsberg (Leh) for Slashing (Minor) at 6:30 - Tyler Randell served the penalty, Ryan Hartman (Ont) for Boarding (Minor) at 10:23, Zach Werenski (Ont) for High sticking (Minor) at 13:24, Zach Werenski (Ont) for Roughing (Minor) at 18:02, Michael Bournival (Leh) for Slashing (Minor) at 18:13

2nd period

5. Reign , Brendan Lemieux 2 (Zach Werenski 5, Mikko Rantanen 9) at 1:13 (PP)
6. Phantoms , Tyler Randell 5 (Michael Bournival 5, Calle Jarnkrok 1) at 1:19
7. Reign , Sergey Kalinin 1 (Josh Manson 5) at 10:18 (SH)

Penalties :
Tyler Brenner (Leh) for Delaying the game (Minor) at 1:03, Tyler Brenner (Leh) for Hooking (Minor) at 5:06, Brendan Lemieux (Ont) for Interference (Minor) at 10:08, Brendan Lemieux (Ont) for Holding (Minor) at 12:35, Rinat Valiev (Leh) for Holding (Minor) at 17:09

3rd period

8. Phantoms , Brandon McMillan 1 (Tomas Kubalik 4, Tyler Brenner 8) at 1:12
9. Phantoms , Ivan Provorov 1 (Tyler Randell 4) at 9:02 (PP)
10. Phantoms , Nick Shore 1 (Brendan Leipsic 2, Brandon McMillan 3) at 10:36
11. Reign , Mikko Rantanen 6 (Lars Eller 1, Jonathan Drouin 5) at 15:37

Penalties :
Zach Werenski (Ont) for High sticking (Minor) at 8:52, Brendan Lemieux (Ont) for High sticking (Minor) at 15:56, Brendan Lemieux (Ont) for Tripping (Minor) at 18:23

Goalie Stats

Anton Forsberg (Leh), 9 saves from 13 shots - (0.692), 21:13 minutes
Zachary Fucale (Leh), 20 saves from 22 shots - (0.909), L, 0-2-0, 37:47 minutes
Jake Allen (Ont), 21 saves from 26 shots - (0.808), W, 1-0-0, 60:00 minutes

Players Stats for Phantoms

Player Name              G  A  P  +/- PIM S  H  SB GA TA FO     MP     PP MP  PK MP  
------------------------------------------------------------------------------------
Brandon McMillan         1  1  2   2  0   2  2  0  0  1  0/2    20:37   6:09   0:00 
Brendan Leipsic          0  1  1   0  0   2  0  1  1  0  0/0    11:22   0:05   0:46 
Calle Jarnkrok           0  1  1  -1  0   0  2  0  0  0  13/23  20:56   7:13   1:06 
Cristoval Nieves         0  0  0   0  0   0  0  0  0  0  2/4     2:40   0:00   0:00 
David Kampf              0  0  0   0  0   0  0  0  0  0  0/0     1:49   0:29   0:00 
Devon Teows              0  0  0  -1  0   0  1  0  0  1  0/0     9:21   0:00   0:45 
Dylan Olsen              0  0  0   1  0   1  5  3  2  0  0/0    30:28   8:48   2:12 
Ivan Provorov            1  0  1   0  0   1  1  0  1  0  0/0    20:57   5:03   2:11 
Jake Dotchin             0  1  1   1  0   1  2  0  0  1  0/0    30:38   8:48   2:23 
Lucas Wallmarkk          0  0  0  -1  0   0  0  0  0  0  0/0     3:01   0:33   0:11 
Michael Bournival        0  1  1  -1  2   2  3  1  0  0  0/3    21:47   7:07   2:17 
Nick Shore               1  0  1   0  0   3  0  0  1  0  3/6     9:54   0:00   0:00 
Rinat Valiev             0  0  0   0  2   0  2  1  0  0  0/0    20:02   5:03   0:57 
Sven Andrighetto         0  0  0   0  0   0  3  0  0  1  1/2    11:30   0:00   1:12 
Tomas Kubalik            0  2  2   2  0   2  2  0  0  1  1/1    22:10   6:18   1:06 
Travis Konecny           0  0  0  -1  0   4  1  0  0  0  0/0    10:36   0:05   0:18 
Tyler Brenner            1  1  2   2  4   3  1  0  0  0  6/18   21:02   6:18   0:00 
Tyler Randell            1  1  2  -2  0   5  3  1  0  0  6/11   24:55   7:15   2:08 

Players Stats for Reign

Player Name              G  A  P  +/- PIM S  H  SB GA TA FO     MP     PP MP  PK MP  
------------------------------------------------------------------------------------
Alex Iafallo             0  0  0   1  0   2  0  1  0  0  0/1    16:09   1:45   1:49 
Brendan Lemieux          1  0  1  -3  8   3  2  0  1  0  2/3    16:03   2:11   1:38 
Daultan Leveillé         0  0  0   1  0   2  0  1  1  1  13/21  18:04   1:45   4:40 
Derek Forbort            0  0  0   0  0   0  0  0  0  0  0/0    10:06   0:00   5:31 
Dmitri Orlov             0  0  0   1  0   2  0  0  0  0  0/0    14:17   1:41   5:31 
Griffin Reinhart         0  0  0  -2  0   0  0  3  0  0  0/0    15:25   2:31   0:00 
Jonathan Drouin          1  3  4   2  0   2  2  1  0  0  5/9    14:11   2:38   0:00 
Jordan Greenway          0  0  0  -1  0   0  0  0  0  0  0/0     5:31   0:00   0:00 
Josh Anderson            0  0  0  -1  0   2  0  0  0  0  0/0     5:31   0:00   0:00 
Josh Manson              0  1  1   0  0   1  3  3  0  1  0/0    24:26   0:11   8:20 
Kurtis Macdermid         0  0  0   0  0   0  1  0  0  1  0/0     5:00   0:00   0:00 
Lars Eller               1  1  2   1  0   1  0  0  1  0  4/6    11:55   0:00   1:37 
Mark Stone               0  0  0  -3  0   0  0  1  0  0  1/1    12:23   0:16   0:00 
Matt Roy                 0  0  0   1  0   1  0  1  0  0  0/0     7:24   0:00   0:00 
Mike Amadio              0  0  0   0  0   3  1  0  0  1  2/4    13:10   0:00   7:39 
Mikko Rantanen           1  2  3   1  0   4  2  0  0  0  0/0    14:55   2:27   0:00 
Nikita Zadorov           0  0  0   1  0   3  1  1  1  1  0/0    27:05   1:52   8:20 
Ryan Hartman             1  1  2   2  4   4  2  0  0  0  0/0    16:26   1:56   2:52 
Sergey Kalinin           1  0  1  -2  0   4  1  1  0  0  11/25  19:36   0:00   7:27 
Zach Werenski            0  1  1  -1  6   1  1  0  1  0  0/0    16:35   2:42   0:00 

3 Stars

1 - Jonathan Drouin (Ont)
2 - Mikko Rantanen (Ont)
3 - Brandon McMillan (Leh)

Power Play

Phantoms - 1 on 9 Attempt(s) - 11.11%
Reign - 2 on 5 Attempt(s) - 40.00%

Penalty Kill

Phantoms - 3 on 5 Attempt(s) - 60.00% - Score 0 goal in Penalty Kill
Reign - 8 on 9 Attempt(s) - 88.89% - Score 1 goal in Penalty Kill

Team Stat

Phantoms - Hits : 28 - Faceoff Wins : 32 - Blocked Shots : 7 - Penalty Minutes : 10
Reign - Hits : 16 - Faceoff Wins : 38 - Blocked Shots : 13 - Penalty Minutes : 18

Official

Referees : Unknown
Linesman : Unknown

Game Notes

Zachary Fucale enters game at 1:13 of 2nd period

Finance

Level 1 -- Attendance: 2000 (100.00%) -- Ticket Income $50,000
Level 2 -- Attendance: 1000 (100.00%) -- Ticket Income $10,000
Total Attendance: 3000 (100.00%)
Total Ticket Income: $60,000
Other Income: $3,000
Total Income: $63,000

Phantoms

5 vs 5 Forward 
   Center                   Left Wing                Right Wing               Time % Phy DF OF 
 1 Calle Jarnkrok           Michael Bournival        Tyler Randell            40     1   2  2  
 2 Tyler Brenner            Brandon McMillan         Tomas Kubalik            30     1   2  2  
 3 Nick Shore               Brendan Leipsic          Sven Andrighetto         20     1   2  2  
 4 Cristoval Nieves         Tyler Randell            Travis Konecny           10     1   2  2  

5 vs 5 Defense 
   Defense                  Defense                                           Time % Phy DF OF 
 1 Dylan Olsen              Jake Dotchin                                      40     1   2  2  
 2 Ivan Provorov            Rinat Valiev                                      30     1   2  2  
 3 Devon Teows              Travis Konecny                                    20     1   2  2  
 4 Dylan Olsen              Jake Dotchin                                      10     1   2  2  

PowerPlay Forward 
   Center                   Left Wing                Right Wing               Time % Phy DF OF 
 1 Calle Jarnkrok           Michael Bournival        Tyler Randell            60     1   2  2  
 2 Tyler Brenner            Brandon McMillan         Tomas Kubalik            40     1   2  2  

PowerPlay Defense
   Defense                  Defense                                           Time % Phy DF OF 
 1 Dylan Olsen              Jake Dotchin                                      60     1   2  2  
 2 Ivan Provorov            Rinat Valiev                                      40     1   2  2  

Penalty Kill 4 Players Forward 
   Center                   Wing                     Time % Phy DF OF 
 1 Tyler Randell            Michael Bournival        60     1   2  2  
 2 Calle Jarnkrok           Tomas Kubalik            40     1   2  2  

Penalty Kill 4 Players Defense
   Defense                  Defense                  Time % Phy DF OF 
 1 Dylan Olsen              Jake Dotchin             60     1   2  2  
 2 Ivan Provorov            Rinat Valiev             40     1   2  2  

Penalty Kill - 3 Players Forward 
   Forward                                           Time % Phy DF OF 
 1 Tyler Randell                                     60     1   2  2  
 2 Michael Bournival                                 40     1   2  2  

Penalty Kill - 3 Players Defense
   Defense                  Defense                  Time % Phy DF OF 
 1 Dylan Olsen              Jake Dotchin             60     1   2  2  
 2 Ivan Provorov            Rinat Valiev             40     1   2  2  

4 vs 4 Forward 
   Center                   Wing                     Time % Phy DF OF 
 1 Tyler Randell            Michael Bournival        60     1   2  2  
 2 Calle Jarnkrok           Tomas Kubalik            40     1   2  2  

4 vs 4 Defense
   Defense                  Defense                  Time % Phy DF OF 
 1 Dylan Olsen              Jake Dotchin             60     1   2  2  
 2 Ivan Provorov            Rinat Valiev             40     1   2  2  

Last Minutes Offensive
   Center                   Left Wing                Right Wing               Defense                  Defense                  
   Calle Jarnkrok           Michael Bournival        Tyler Randell            Dylan Olsen              Jake Dotchin             

Last Minutes Defensive
   Center                   Left Wing                Right Wing               Defense                  Defense                  
   Calle Jarnkrok           Michael Bournival        Tyler Randell            Dylan Olsen              Jake Dotchin             

Goaltenders
Starting : Anton Forsberg           
Backup : Zachary Fucale           

Extra Forwards
Normal : Lucas Wallmarkk, David Kampf, Sven Andrighetto - PP : Lucas Wallmarkk, David Kampf - PK : Sven Andrighetto
Extra Defensemen
Normal : Devon Teows, Ivan Provorov, Rinat Valiev - PP : Devon Teows - PK : Ivan Provorov, Rinat Valiev
Penalty Shots
Tyler Randell, Michael Bournival, Calle Jarnkrok, Tomas Kubalik, Tyler Brenner

Scratches
A.J. Greer (Healthy), JC Lipon (Healthy), Brenden Kichton (Healthy), Cooper Marody (Healthy), Blake Heinrich (Strained Right Elbow Injury)
Morgan Klimchuk (Healthy), Nick Sorensen (Healthy), Laurent Dauphin (Healthy), Reid McNeill (Healthy), Mark Alt (Healthy)
Erik Nystrom (Healthy), Justin Kirkland (Healthy), Anthony Angello (Healthy), Jason Kasdorf (Healthy), Scott Wedgewood (Healthy)

Reign

5 vs 5 Forward 
   Center                   Left Wing                Right Wing               Time % Phy DF OF 
 1 Daultan Leveillé         Alex Iafallo             Mikko Rantanen           35     1   2  2  
 2 Lars Eller               Jonathan Drouin          Ryan Hartman             30     1   2  2  
 3 Sergey Kalinin           Brendan Lemieux          Mark Stone               30     1   2  2  
 4 Mike Amadio              Jordan Greenway          Josh Anderson            5      1   2  2  

5 vs 5 Defense 
   Defense                  Defense                                           Time % Phy DF OF 
 1 Griffin Reinhart         Josh Manson                                       35     1   3  1  
 2 Nikita Zadorov           Zach Werenski                                     35     1   3  1  
 3 Dmitri Orlov             Matt Roy                                          20     1   3  1  
 4 Kurtis Macdermid         Derek Forbort                                     10     1   3  1  

PowerPlay Forward 
   Center                   Left Wing                Right Wing               Time % Phy DF OF 
 1 Jonathan Drouin          Brendan Lemieux          Mikko Rantanen           60     1   2  2  
 2 Daultan Leveillé         Alex Iafallo             Ryan Hartman             40     1   2  2  

PowerPlay Defense
   Defense                  Defense                                           Time % Phy DF OF 
 1 Griffin Reinhart         Zach Werenski                                     60     1   2  2  
 2 Dmitri Orlov             Nikita Zadorov                                    40     1   2  2  

Penalty Kill 4 Players Forward 
   Center                   Wing                     Time % Phy DF OF 
 1 Sergey Kalinin           Mike Amadio              60     1   3  1  
 2 Daultan Leveillé         Ryan Hartman             40     1   3  1  

Penalty Kill 4 Players Defense
   Defense                  Defense                  Time % Phy DF OF 
 1 Nikita Zadorov           Josh Manson              60     1   4  0  
 2 Derek Forbort            Dmitri Orlov             40     1   4  0  

Penalty Kill - 3 Players Forward 
   Forward                                           Time % Phy DF OF 
 1 Sergey Kalinin                                    60     2   3  0  
 2 Daultan Leveillé                                  40     2   3  0  

Penalty Kill - 3 Players Defense
   Defense                  Defense                  Time % Phy DF OF 
 1 Josh Manson              Nikita Zadorov           60     1   4  0  
 2 Derek Forbort            Dmitri Orlov             40     1   4  0  

4 vs 4 Forward 
   Center                   Wing                     Time % Phy DF OF 
 1 Jonathan Drouin          Ryan Hartman             60     1   2  2  
 2 Mikko Rantanen           Mark Stone               40     1   2  2  

4 vs 4 Defense
   Defense                  Defense                  Time % Phy DF OF 
 1 Nikita Zadorov           Zach Werenski            60     1   2  2  
 2 Josh Manson              Griffin Reinhart         40     1   2  2  

Last Minutes Offensive
   Center                   Left Wing                Right Wing               Defense                  Defense                  
   Daultan Leveillé         Jonathan Drouin          Mikko Rantanen           Griffin Reinhart         Zach Werenski            

Last Minutes Defensive
   Center                   Left Wing                Right Wing               Defense                  Defense                  
   Daultan Leveillé         Brendan Lemieux          Ryan Hartman             Nikita Zadorov           Josh Manson              

Goaltenders
Starting : Jake Allen               
Backup : Elvis Merzlikins         

Extra Forwards
Normal : Mikko Rantanen, Ryan Hartman, Mark Stone - PP : Mark Stone, Mike Amadio - PK : Brendan Lemieux
Extra Defensemen
Normal : Zach Werenski, Josh Manson, Nikita Zadorov - PP : Matt Roy - PK : Zach Werenski, Griffin Reinhart
Penalty Shots
Lars Eller, Mikko Rantanen, Mark Stone, Daultan Leveillé, Ryan Hartman

Scratches
Jacob Josefson (Healthy), Jordan Weal (Healthy), Blake Lizotte (Healthy), Bokondji Imama (Healthy), Joel Vermin (Healthy)
Cal Petersen (Healthy)

% Time on Ice - Phantoms

Lines # - Real PCT - Wanted PCT - Time Play
Normal Forward
1 - 32% - 40% - 12:38
2 - 37% - 30% - 14:46
3 - 25% - 20% - 9:54
4 - 7% - 10% - 2:40
Normal Defense
1 - 44% - 40% - 17:26
2 - 34% - 30% - 13:33
3 - 21% - 20% - 8:16
4 - 2% - 10% - 0:43
PP Forward
1 - 55% - 60% - 7:33
2 - 45% - 40% - 6:18
PP Defense
1 - 64% - 60% - 8:48
2 - 36% - 40% - 5:03
PK Forward
1 - 75% - 60% - 3:17
2 - 25% - 40% - 1:06
PK Defense
1 - 33% - 60% - 1:27
2 - 67% - 40% - 2:56
PK3 Forward
1 - 0% - 60%
2 - 0% - 40%
PK3 Defense
1 - 0% - 60%
2 - 0% - 40%
44 Forward
1 - 100% - 60% - 1:48
2 - 0% - 40% - 0:00
44 Defense
1 - 72% - 60% - 1:18
2 - 28% - 40% - 0:30
Last Minute Offensive  - 0:00
Last Minute Defensive  - 0:00
Total
Forward - 60:00
Defense - 60:00

% Time on Ice - Reign

Lines # - Real PCT - Wanted PCT - Time Play
Normal Forward
1 - 31% - 35% - 12:21
2 - 26% - 30% - 10:30
3 - 29% - 30% - 11:36
4 - 14% - 5% - 5:31
Normal Defense
1 - 37% - 35% - 14:42
2 - 34% - 35% - 13:42
3 - 17% - 20% - 6:59
4 - 11% - 10% - 4:35
PP Forward
1 - 60% - 60% - 2:38
2 - 40% - 40% - 1:45
PP Defense
1 - 62% - 60% - 2:42
2 - 38% - 40% - 1:41
PK Forward
1 - 66% - 60% - 9:11
2 - 34% - 40% - 4:40
PK Defense
1 - 60% - 60% - 8:20
2 - 40% - 40% - 5:31
PK3 Forward
1 - 0% - 60%
2 - 0% - 40%
PK3 Defense
1 - 0% - 60%
2 - 0% - 40%
44 Forward
1 - 93% - 60% - 1:40
2 - 7% - 40% - 0:08
44 Defense
1 - 100% - 60% - 1:48
2 - 0% - 40% - 0:00
Last Minute Offensive  - 0:00
Last Minute Defensive  - 0:00
Total
Forward - 60:00
Defense - 60:00

Play-by-Play

1st period


0:01 of 1st period - Calle Jarnkrok wins face-off versus Daultan Leveillé in neutral zone.
0:44 of 1st period - Minor Penalty to Ryan Hartman for Slashing.
0:45 of 1st period - Tyler Randell wins face-off versus Sergey Kalinin in Reign zone.
1:15 of 1st period - Slapshot by Brendan Lemieux.
1:15 of 1st period - Deflect By Daultan Leveillé.
1:15 of 1st period - Stopped by Anton Forsberg with a rebound.
1:21 of 1st period - Snap shot by Brendan Lemieux.
1:21 of 1st period - Stopped by Anton Forsberg with a rebound.
1:23 of 1st period - Snap shot by Nikita Zadorov.
1:23 of 1st period - Stopped by Anton Forsberg with a rebound.
1:33 of 1st period - Derek Forbort is hit by Michael Bournival and loses puck.
2:44 of 1st period - Penalty to Ryan Hartman is over, Ryan Hartman is back on ice.
2:52 of 1st period - Snap shot by Jonathan Drouin.
2:52 of 1st period - Stopped by Anton Forsberg with a rebound.
3:10 of 1st period - Mike Amadio is hit by Travis Konecny.
3:24 of 1st period - Rinat Valiev is hit by Mikko Rantanen and loses puck.
3:31 of 1st period - Daultan Leveillé is hit by Sven Andrighetto and loses puck.
3:58 of 1st period - Ryan Hartman is hit by Rinat Valiev and loses puck.
4:37 of 1st period - Brendan Leipsic is hit by Mikko Rantanen and loses puck.
4:52 of 1st period - Ryan Hartman is hit by Tyler Brenner and loses puck.
5:30 of 1st period - Michael Bournival is hit by Nikita Zadorov and loses puck.
6:08 of 1st period - Icing by Lars Eller.
6:09 of 1st period - Tomas Kubalik wins face-off versus Sergey Kalinin in Reign zone.
6:10 of 1st period - Wrist shot by Tyler Brenner.
6:10 of 1st period - Shot Misses the Net.
6:30 of 1st period - Snap shot by Ryan Hartman.
6:30 of 1st period - Stopped by Anton Forsberg without a rebound.
6:30 of 1st period - Minor Penalty to Anton Forsberg for Slashing.
6:31 of 1st period - Jonathan Drouin wins face-off versus Sven Andrighetto in Phantoms zone.
6:34 of 1st period - Snap shot by Jonathan Drouin.
6:34 of 1st period - Goal by Jonathan Drouin - Phantoms : 0 - Reign : 1.
6:35 of 1st period - Sergey Kalinin wins face-off versus Calle Jarnkrok in neutral zone.
7:00 of 1st period - Alex Iafallo is hit by Brandon McMillan and loses puck.
7:45 of 1st period - Snap shot by Travis Konecny.
7:45 of 1st period - Stopped by Jake Allen without a rebound.
7:46 of 1st period - Tyler Brenner wins face-off versus Sergey Kalinin in Reign zone.
8:01 of 1st period - Snap shot by Tyler Brenner.
8:01 of 1st period - Shot Misses the Net.
8:11 of 1st period - Josh Manson is hit by Tyler Randell.
8:19 of 1st period - Off-side.
8:20 of 1st period - Daultan Leveillé wins face-off versus Tyler Brenner in neutral zone.
8:25 of 1st period - Wrist shot by Mikko Rantanen.
8:25 of 1st period - Shot Misses the Net.
9:09 of 1st period - Mike Amadio is hit by Sven Andrighetto and loses puck.
9:18 of 1st period - Snap shot by Nick Shore.
9:18 of 1st period - Stopped by Jake Allen without a rebound.
9:19 of 1st period - Sergey Kalinin wins face-off versus Tyler Brenner in Reign zone.
9:30 of 1st period - Backhand shot by Tyler Brenner.
9:30 of 1st period - Stopped by Jake Allen with a rebound.
9:32 of 1st period - Slapshot by Tyler Brenner.
9:32 of 1st period - Goal by Tyler Brenner - Phantoms : 1 - Reign : 1.
9:33 of 1st period - Calle Jarnkrok wins face-off versus Daultan Leveillé in neutral zone.
9:36 of 1st period - Snap shot by Michael Bournival.
9:36 of 1st period - Deflect By Tyler Randell.
9:36 of 1st period - Shot Blocked by Josh Manson.
9:36 of 1st period - Puck is out of play.
9:37 of 1st period - Daultan Leveillé wins face-off versus Calle Jarnkrok in Reign zone.
9:52 of 1st period - Wrist shot by Michael Bournival.
9:52 of 1st period - Shot Blocked by Josh Manson.
10:09 of 1st period - Brendan Lemieux is hit by Jake Dotchin and loses puck.
10:23 of 1st period - Minor Penalty to Ryan Hartman for Boarding.
10:24 of 1st period - Calle Jarnkrok wins face-off versus Sergey Kalinin in Reign zone.
11:30 of 1st period - Off-side.
11:31 of 1st period - Tyler Randell wins face-off versus Brendan Lemieux in neutral zone.
12:04 of 1st period - Snap shot by Daultan Leveillé.
12:04 of 1st period - Stopped by Anton Forsberg without a rebound.
12:05 of 1st period - Daultan Leveillé wins face-off versus Tyler Brenner in Phantoms zone.
12:23 of 1st period - Penalty to Ryan Hartman is over, Ryan Hartman is back on ice.
12:48 of 1st period - Off-side.
12:49 of 1st period - Daultan Leveillé wins face-off versus Cristoval Nieves in neutral zone.
13:14 of 1st period - Sergey Kalinin is hit by Dylan Olsen and loses puck.
13:24 of 1st period - Minor Penalty to Zach Werenski for High sticking.
13:25 of 1st period - Sergey Kalinin wins face-off versus Michael Bournival in Reign zone.
13:56 of 1st period - Icing by Tomas Kubalik.
13:57 of 1st period - Tyler Brenner wins face-off versus Daultan Leveillé in Phantoms zone.
14:08 of 1st period - Slapshot by Brandon McMillan.
14:08 of 1st period - Shot Misses the Net.
14:56 of 1st period - Ryan Hartman is hit by Calle Jarnkrok and loses puck.
15:05 of 1st period - Wrist shot by Tyler Randell.
15:05 of 1st period - Stopped by Jake Allen without a rebound.
15:06 of 1st period - Calle Jarnkrok wins face-off versus Mike Amadio in Reign zone.
15:13 of 1st period - Wrist shot by Tyler Randell.
15:13 of 1st period - Shot Blocked by Nikita Zadorov.
15:24 of 1st period - Penalty to Zach Werenski is over, Zach Werenski is back on ice.
15:43 of 1st period - Wrist shot by Tyler Randell.
15:43 of 1st period - Shot Misses the Net.
15:59 of 1st period - Slapshot by Lars Eller.
15:59 of 1st period - Goal by Lars Eller - Phantoms : 1 - Reign : 2.
16:00 of 1st period - Daultan Leveillé wins face-off versus Tyler Brenner in neutral zone.
16:02 of 1st period - Mikko Rantanen is hit by Brandon McMillan and loses puck.
16:25 of 1st period - Sergey Kalinin is hit by Michael Bournival and loses puck.
16:50 of 1st period - Snap shot by Lars Eller.
16:50 of 1st period - Deflect By Jonathan Drouin.
16:50 of 1st period - Shot Misses the Net.
16:50 of 1st period - Puck is out of play.
16:51 of 1st period - Jonathan Drouin wins face-off versus Nick Shore in Phantoms zone.
16:52 of 1st period - Snap shot by Lars Eller.
16:52 of 1st period - Shot Misses the Net.
17:03 of 1st period - Wrist shot by Nick Shore.
17:03 of 1st period - Stopped by Jake Allen with a rebound.
17:05 of 1st period - Slapshot by Jake Dotchin.
17:05 of 1st period - Stopped by Jake Allen with a rebound.
17:07 of 1st period - Wrist shot by Brendan Leipsic.
17:07 of 1st period - Shot Misses the Net.
17:25 of 1st period - Ivan Provorov is hit by Josh Manson and loses puck.
17:34 of 1st period - Snap shot by Sven Andrighetto.
17:34 of 1st period - Shot Misses the Net.
17:36 of 1st period - Slapshot by Ivan Provorov.
17:36 of 1st period - Shot Blocked by Griffin Reinhart.
17:38 of 1st period - Slapshot by Travis Konecny.
17:38 of 1st period - Stopped by Jake Allen with a rebound.
17:40 of 1st period - Wrist shot by Brendan Leipsic.
17:40 of 1st period - Stopped by Jake Allen without a rebound.
17:41 of 1st period - Calle Jarnkrok wins face-off versus Daultan Leveillé in Reign zone.
17:44 of 1st period - Slapshot by Michael Bournival.
17:44 of 1st period - Shot Misses the Net.
17:46 of 1st period - Wrist shot by Tyler Randell.
17:46 of 1st period - Shot Misses the Net.
17:48 of 1st period - Snap shot by Michael Bournival.
17:48 of 1st period - Stopped by Jake Allen with a rebound.
18:02 of 1st period - Minor Penalty to Zach Werenski for Roughing.
18:03 of 1st period - Calle Jarnkrok wins face-off versus Sergey Kalinin in Reign zone.
18:06 of 1st period - Snap shot by Tyler Randell.
18:06 of 1st period - Shot Blocked by Sergey Kalinin.
18:08 of 1st period - Slapshot by Dylan Olsen.
18:08 of 1st period - Deflect By Sergey Kalinin.
18:08 of 1st period - Stopped by Jake Allen without a rebound.
18:09 of 1st period - Sergey Kalinin wins face-off versus Calle Jarnkrok in Reign zone.
18:13 of 1st period - Minor Penalty to Michael Bournival for Slashing.
18:14 of 1st period - Jonathan Drouin wins face-off versus Tyler Randell in Phantoms zone.
18:14 of 1st period - Wrist shot by Ryan Hartman.
18:14 of 1st period - Goal by Ryan Hartman - Phantoms : 1 - Reign : 3.
18:15 of 1st period - Jonathan Drouin wins face-off versus Tyler Randell in neutral zone.
18:47 of 1st period - Snap shot by Jonathan Drouin.
18:47 of 1st period - Deflect By Ryan Hartman.
18:47 of 1st period - Deflect By Jake Dotchin.
18:47 of 1st period - Stopped by Anton Forsberg without a rebound.
18:48 of 1st period - Tyler Randell wins face-off versus Jonathan Drouin in Phantoms zone.
19:23 of 1st period - Mark Stone is hit by Dylan Olsen and loses puck.
19:30 of 1st period - Dylan Olsen is hit by Josh Manson and loses puck.
19:51 of 1st period - Snap shot by Alex Iafallo.
19:51 of 1st period - Shot Misses the Net.
19:53 of 1st period - Backhand shot by Alex Iafallo.
19:53 of 1st period - Shot Misses the Net.
19:55 of 1st period - Wrist shot by Matt Roy.
19:55 of 1st period - Shot Misses the Net.
19:57 of 1st period - Slapshot by Alex Iafallo.
19:57 of 1st period - Stopped by Anton Forsberg with a rebound.
Goals for this period are 1 for Phantoms vs 3 for Reign.
Shots for this period are 11 for Phantoms vs 11 for Reign.

2nd period


0:01 of 2nd period - Tyler Randell wins face-off versus Jonathan Drouin in neutral zone.
0:02 of 2nd period - Penalty to Zach Werenski is over, Zach Werenski is back on ice.
0:13 of 2nd period - Penalty to Michael Bournival is over, Michael Bournival is back on ice.
0:13 of 2nd period - Wrist shot by Josh Manson.
0:13 of 2nd period - Shot Misses the Net.
0:15 of 2nd period - Snap shot by Jonathan Drouin.
0:15 of 2nd period - Shot Blocked by Dylan Olsen.
0:17 of 2nd period - Snap shot by Zach Werenski.
0:17 of 2nd period - Stopped by Anton Forsberg with a rebound.
0:56 of 2nd period - Wrist shot by Tyler Brenner.
0:56 of 2nd period - Shot Misses the Net.
0:58 of 2nd period - Snap shot by Tomas Kubalik.
0:58 of 2nd period - Stopped by Jake Allen with a rebound.
1:00 of 2nd period - Snap shot by Brandon McMillan.
1:00 of 2nd period - Shot Misses the Net.
1:02 of 2nd period - Wrist shot by Brandon McMillan.
1:02 of 2nd period - Stopped by Jake Allen with a rebound.
1:03 of 2nd period - Minor Penalty to Tyler Brenner for Delaying the game.
1:04 of 2nd period - Jonathan Drouin wins face-off versus Tyler Randell in Phantoms zone.
1:11 of 2nd period - Slapshot by Zach Werenski.
1:11 of 2nd period - Shot Misses the Net.
1:13 of 2nd period - Snap shot by Brendan Lemieux.
1:13 of 2nd period - Goal by Brendan Lemieux - Phantoms : 1 - Reign : 4.
1:13 of 2nd period - Zachary Fucale enters game.
1:14 of 2nd period - Calle Jarnkrok wins face-off versus Sergey Kalinin in neutral zone.
1:19 of 2nd period - Slapshot by Tyler Randell.
1:19 of 2nd period - Goal by Tyler Randell - Phantoms : 2 - Reign : 4.
1:20 of 2nd period - Mark Stone wins face-off versus Tyler Randell in neutral zone.
1:23 of 2nd period - Slapshot by Zach Werenski.
1:23 of 2nd period - Shot Misses the Net.
1:25 of 2nd period - Snap shot by Nikita Zadorov.
1:25 of 2nd period - Stopped by Zachary Fucale with a rebound.
1:27 of 2nd period - Snap shot by Sergey Kalinin.
1:27 of 2nd period - Stopped by Zachary Fucale with a rebound.
1:29 of 2nd period - Snap shot by Sergey Kalinin.
1:29 of 2nd period - Shot Hit the Post.
1:33 of 2nd period - Slapshot by Zach Werenski.
1:33 of 2nd period - Shot Blocked by Michael Bournival.
1:35 of 2nd period - Wrist shot by Brendan Lemieux.
1:35 of 2nd period - Shot Blocked by Dylan Olsen.
3:18 of 2nd period - Wrist shot by Mikko Rantanen.
3:18 of 2nd period - Shot Blocked by Brendan Leipsic.
3:44 of 2nd period - Backhand shot by Calle Jarnkrok.
3:44 of 2nd period - Shot Blocked by Jonathan Drouin.
3:46 of 2nd period - Wrist shot by Travis Konecny.
3:46 of 2nd period - Stopped by Jake Allen with a rebound.
3:56 of 2nd period - Jonathan Drouin is hit by Tyler Randell and loses puck.
4:07 of 2nd period - Snap shot by Brendan Lemieux.
4:07 of 2nd period - Stopped by Zachary Fucale with a rebound.
4:47 of 2nd period - Slapshot by Dmitri Orlov.
4:47 of 2nd period - Stopped by Zachary Fucale without a rebound.
4:48 of 2nd period - Daultan Leveillé wins face-off versus Tyler Brenner in Phantoms zone.
5:06 of 2nd period - Minor Penalty to Tyler Brenner for Hooking.
5:07 of 2nd period - Tyler Randell wins face-off versus Jonathan Drouin in Phantoms zone.
5:07 of 2nd period - Tyler Randell is hit by Jonathan Drouin.
6:27 of 2nd period - Brendan Leipsic is hit by Brendan Lemieux and loses puck.
7:02 of 2nd period - Mikko Rantanen is hit by Tomas Kubalik and loses puck.
7:06 of 2nd period - Penalty to Tyler Brenner is over, Tyler Brenner is back on ice.
7:21 of 2nd period - Snap shot by Josh Anderson.
7:21 of 2nd period - Stopped by Zachary Fucale without a rebound.
7:22 of 2nd period - Mike Amadio wins face-off versus Cristoval Nieves in Phantoms zone.
7:23 of 2nd period - Snap shot by Jordan Greenway.
7:23 of 2nd period - Shot Misses the Net.
7:28 of 2nd period - Icing by Tyler Randell.
7:29 of 2nd period - Cristoval Nieves wins face-off versus Sergey Kalinin in Phantoms zone.
7:29 of 2nd period - Cristoval Nieves is hit by Josh Manson.
7:34 of 2nd period - Off-side.
7:35 of 2nd period - Sergey Kalinin wins face-off versus Michael Bournival in neutral zone.
8:40 of 2nd period - Jordan Greenway is hit by Jake Dotchin and loses puck.
8:45 of 2nd period - Wrist shot by Tyler Randell.
8:45 of 2nd period - Shot Blocked by Matt Roy.
9:06 of 2nd period - Snap shot by Sergey Kalinin.
9:06 of 2nd period - Stopped by Zachary Fucale with a rebound.
9:08 of 2nd period - Slapshot by Matt Roy.
9:08 of 2nd period - Stopped by Zachary Fucale without a rebound.
9:09 of 2nd period - Tyler Brenner wins face-off versus Daultan Leveillé in Phantoms zone.
9:18 of 2nd period - Snap shot by Brandon McMillan.
9:18 of 2nd period - Deflect By Tyler Brenner.
9:18 of 2nd period - Shot Blocked by Alex Iafallo.
9:18 of 2nd period - Puck is out of play.
9:19 of 2nd period - Tyler Brenner wins face-off versus Daultan Leveillé in Reign zone.
9:22 of 2nd period - Slapshot by Tomas Kubalik.
9:22 of 2nd period - Shot Misses the Net.
9:40 of 2nd period - Wrist shot by Tomas Kubalik.
9:40 of 2nd period - Shot Blocked by Josh Manson.
9:42 of 2nd period - Snap shot by Jake Dotchin.
9:42 of 2nd period - Shot Misses the Net.
9:44 of 2nd period - Snap shot by Tyler Brenner.
9:44 of 2nd period - Deflect By Tomas Kubalik.
9:44 of 2nd period - Stopped by Jake Allen with a rebound.
9:46 of 2nd period - Slapshot by Tyler Brenner.
9:46 of 2nd period - Stopped by Jake Allen without a rebound.
9:47 of 2nd period - Calle Jarnkrok wins face-off versus Sergey Kalinin in Reign zone.
9:54 of 2nd period - Wrist shot by Tyler Randell.
9:54 of 2nd period - Stopped by Jake Allen with a rebound.
10:08 of 2nd period - Minor Penalty to Brendan Lemieux for Interference.
10:09 of 2nd period - Sergey Kalinin wins face-off versus Calle Jarnkrok in Reign zone.
10:18 of 2nd period - Snap shot by Sergey Kalinin.
10:18 of 2nd period - Goal by Sergey Kalinin - Phantoms : 2 - Reign : 5.
10:19 of 2nd period - Sergey Kalinin wins face-off versus Calle Jarnkrok in neutral zone.
10:23 of 2nd period - Off-side.
10:24 of 2nd period - Sergey Kalinin wins face-off versus Michael Bournival in neutral zone.
10:28 of 2nd period - Josh Manson is hit by Dylan Olsen and loses puck.
12:04 of 2nd period - Lars Eller is hit by Calle Jarnkrok and loses puck.
12:08 of 2nd period - Penalty to Brendan Lemieux is over, Brendan Lemieux is back on ice.
12:17 of 2nd period - Snap shot by Brendan Lemieux.
12:17 of 2nd period - Shot Misses the Net.
12:24 of 2nd period - Wrist shot by Alex Iafallo.
12:24 of 2nd period - Stopped by Zachary Fucale without a rebound.
12:25 of 2nd period - Brendan Lemieux wins face-off versus Tyler Brenner in Phantoms zone.
12:35 of 2nd period - Minor Penalty to Brendan Lemieux for Holding.
12:36 of 2nd period - Sergey Kalinin wins face-off versus Tyler Brenner in Reign zone.
12:44 of 2nd period - Wrist shot by Sergey Kalinin.
12:44 of 2nd period - Deflect By Mike Amadio.
12:44 of 2nd period - Stopped by Zachary Fucale with a rebound.
12:46 of 2nd period - Snap shot by Mike Amadio.
12:46 of 2nd period - Shot Misses the Net.
14:35 of 2nd period - Penalty to Brendan Lemieux is over, Brendan Lemieux is back on ice.
14:52 of 2nd period - Josh Manson is hit by Sven Andrighetto and loses puck.
15:18 of 2nd period - Travis Konecny is hit by Ryan Hartman.
15:30 of 2nd period - Wrist shot by Travis Konecny.
15:30 of 2nd period - Stopped by Jake Allen with a rebound.
16:02 of 2nd period - Brandon McMillan is hit by Ryan Hartman and loses puck.
17:09 of 2nd period - Minor Penalty to Rinat Valiev for Holding.
17:10 of 2nd period - Brendan Lemieux wins face-off versus Tyler Randell in Phantoms zone.
19:09 of 2nd period - Penalty to Rinat Valiev is over, Rinat Valiev is back on ice.
19:28 of 2nd period - Snap shot by Mike Amadio.
19:28 of 2nd period - Stopped by Zachary Fucale without a rebound.
19:29 of 2nd period - Sven Andrighetto wins face-off versus Mike Amadio in Phantoms zone.
19:29 of 2nd period - Nick Shore is hit by Mike Amadio and loses puck.
19:39 of 2nd period - Icing by Kurtis Macdermid.
19:40 of 2nd period - Mike Amadio wins face-off versus Tyler Brenner in Reign zone.
19:47 of 2nd period - Wrist shot by Josh Anderson.
19:47 of 2nd period - Stopped by Zachary Fucale without a rebound.
19:48 of 2nd period - Daultan Leveillé wins face-off versus Brandon McMillan in Phantoms zone.
Goals for this period are 1 for Phantoms vs 2 for Reign.
Shots for this period are 8 for Phantoms vs 14 for Reign.

3rd period


0:01 of 3rd period - Daultan Leveillé wins face-off versus Calle Jarnkrok in neutral zone.
0:06 of 3rd period - Backhand shot by Mikko Rantanen.
0:06 of 3rd period - Stopped by Zachary Fucale without a rebound.
0:07 of 3rd period - Daultan Leveillé wins face-off versus Calle Jarnkrok in Phantoms zone.
0:12 of 3rd period - Snap shot by Mikko Rantanen.
0:12 of 3rd period - Shot Misses the Net.
0:14 of 3rd period - Snap shot by Mikko Rantanen.
0:14 of 3rd period - Shot Blocked by Dylan Olsen.
0:18 of 3rd period - Wrist shot by Mikko Rantanen.
0:18 of 3rd period - Shot Blocked by Tyler Randell.
0:38 of 3rd period - Jake Dotchin is hit by Brendan Lemieux and loses puck.
0:44 of 3rd period - Icing by Jake Dotchin.
0:45 of 3rd period - Lars Eller wins face-off versus Brandon McMillan in Phantoms zone.
0:56 of 3rd period - Slapshot by Tomas Kubalik.
0:56 of 3rd period - Shot Misses the Net.
1:08 of 3rd period - Wrist shot by Tomas Kubalik.
1:08 of 3rd period - Shot Misses the Net.
1:12 of 3rd period - Snap shot by Brandon McMillan.
1:12 of 3rd period - Goal by Brandon McMillan - Phantoms : 3 - Reign : 5.
1:13 of 3rd period - Calle Jarnkrok wins face-off versus Lars Eller in neutral zone.
2:04 of 3rd period - Slapshot by Tomas Kubalik.
2:04 of 3rd period - Shot Blocked by Daultan Leveillé.
2:12 of 3rd period - Snap shot by Tomas Kubalik.
2:12 of 3rd period - Shot Misses the Net.
3:29 of 3rd period - Off-side.
3:30 of 3rd period - Lars Eller wins face-off versus Tyler Brenner in neutral zone.
3:33 of 3rd period - Snap shot by Jonathan Drouin.
3:33 of 3rd period - Shot Blocked by Rinat Valiev.
3:35 of 3rd period - Slapshot by Dmitri Orlov.
3:35 of 3rd period - Stopped by Zachary Fucale with a rebound.
3:37 of 3rd period - Wrist shot by Ryan Hartman.
3:37 of 3rd period - Deflect By Rinat Valiev.
3:37 of 3rd period - Stopped by Zachary Fucale without a rebound.
3:38 of 3rd period - Tyler Brenner wins face-off versus Daultan Leveillé in Phantoms zone.
4:31 of 3rd period - Snap shot by Nick Shore.
4:31 of 3rd period - Deflect By Sven Andrighetto.
4:31 of 3rd period - Shot Blocked by Griffin Reinhart.
4:31 of 3rd period - Puck is out of play.
4:32 of 3rd period - Lars Eller wins face-off versus Nick Shore in Reign zone.
5:04 of 3rd period - Daultan Leveillé is hit by Tyler Randell.
5:10 of 3rd period - Slapshot by Mikko Rantanen.
5:10 of 3rd period - Stopped by Zachary Fucale with a rebound.
6:31 of 3rd period - Snap shot by Alex Iafallo.
6:31 of 3rd period - Shot Misses the Net.
6:33 of 3rd period - Slapshot by Mikko Rantanen.
6:33 of 3rd period - Stopped by Zachary Fucale without a rebound.
6:34 of 3rd period - Sergey Kalinin wins face-off versus Tyler Brenner in Phantoms zone.
6:41 of 3rd period - Snap shot by Sergey Kalinin.
6:41 of 3rd period - Stopped by Zachary Fucale with a rebound.
6:43 of 3rd period - Snap shot by Josh Manson.
6:43 of 3rd period - Deflect By Mark Stone.
6:43 of 3rd period - Shot Misses the Net.
6:43 of 3rd period - Puck is out of play.
6:44 of 3rd period - Sergey Kalinin wins face-off versus Tyler Brenner in Phantoms zone.
7:17 of 3rd period - Snap shot by Tyler Brenner.
7:17 of 3rd period - Shot Blocked by Mark Stone.
7:47 of 3rd period - Griffin Reinhart is hit by Tomas Kubalik.
8:30 of 3rd period - Off-side.
8:31 of 3rd period - Calle Jarnkrok wins face-off versus Daultan Leveillé in neutral zone.
8:52 of 3rd period - Minor Penalty to Zach Werenski for High sticking.
8:53 of 3rd period - Daultan Leveillé wins face-off versus Calle Jarnkrok in Reign zone.
9:02 of 3rd period - Slapshot by Ivan Provorov.
9:02 of 3rd period - Goal by Ivan Provorov - Phantoms : 4 - Reign : 5.
9:03 of 3rd period - Lars Eller wins face-off versus Calle Jarnkrok in neutral zone.
9:19 of 3rd period - Off-side.
9:20 of 3rd period - Nick Shore wins face-off versus Alex Iafallo in neutral zone.
9:22 of 3rd period - Off-side.
9:23 of 3rd period - Daultan Leveillé wins face-off versus Nick Shore in neutral zone.
10:14 of 3rd period - Wrist shot by Tomas Kubalik.
10:14 of 3rd period - Shot Blocked by Griffin Reinhart.
10:36 of 3rd period - Slapshot by Brendan Leipsic.
10:36 of 3rd period - Deflect By Nick Shore.
10:36 of 3rd period - Goal by Nick Shore - Phantoms : 5 - Reign : 5.
10:37 of 3rd period - Daultan Leveillé wins face-off versus Calle Jarnkrok in neutral zone.
10:59 of 3rd period - Icing by Ivan Provorov.
11:00 of 3rd period - Tyler Brenner wins face-off versus Lars Eller in Phantoms zone.
11:00 of 3rd period - Tyler Brenner is hit by Jonathan Drouin.
11:26 of 3rd period - Mikko Rantanen is hit by Ivan Provorov and loses puck.
11:35 of 3rd period - Wrist shot by Tyler Randell.
11:35 of 3rd period - Stopped by Jake Allen with a rebound.
11:37 of 3rd period - Wrist shot by Tyler Randell.
11:37 of 3rd period - Stopped by Jake Allen without a rebound.
11:38 of 3rd period - Nick Shore wins face-off versus Jonathan Drouin in Reign zone.
12:27 of 3rd period - Snap shot by Mikko Rantanen.
12:27 of 3rd period - Shot Misses the Net.
12:29 of 3rd period - Slapshot by Nikita Zadorov.
12:29 of 3rd period - Stopped by Zachary Fucale with a rebound.
12:31 of 3rd period - Slapshot by Zach Werenski.
12:31 of 3rd period - Shot Misses the Net.
12:51 of 3rd period - Brendan Lemieux is hit by Devon Teows and loses puck.
13:15 of 3rd period - Griffin Reinhart is hit by Dylan Olsen and loses puck.
13:20 of 3rd period - Wrist shot by Josh Manson.
13:20 of 3rd period - Stopped by Zachary Fucale with a rebound.
13:22 of 3rd period - Slapshot by Mike Amadio.
13:22 of 3rd period - Stopped by Zachary Fucale with a rebound.
13:40 of 3rd period - Matt Roy is hit by Michael Bournival and loses puck.
14:34 of 3rd period - Michael Bournival is hit by Kurtis Macdermid.
14:52 of 3rd period - Brendan Leipsic is hit by Zach Werenski and loses puck.
15:15 of 3rd period - Tomas Kubalik is hit by Sergey Kalinin.
15:37 of 3rd period - Wrist shot by Mikko Rantanen.
15:37 of 3rd period - Goal by Mikko Rantanen - Phantoms : 5 - Reign : 6.
15:38 of 3rd period - Cristoval Nieves wins face-off versus Sergey Kalinin in neutral zone.
15:56 of 3rd period - Minor Penalty to Brendan Lemieux for High sticking.
15:57 of 3rd period - Tyler Randell wins face-off versus Sergey Kalinin in Reign zone.
16:07 of 3rd period - Sergey Kalinin is hit by Dylan Olsen and loses puck.
17:56 of 3rd period - Penalty to Brendan Lemieux is over, Brendan Lemieux is back on ice.
18:09 of 3rd period - Ryan Hartman is hit by Rinat Valiev and loses puck.
18:16 of 3rd period - Snap shot by Nick Shore.
18:16 of 3rd period - Deflect By Brendan Leipsic.
18:16 of 3rd period - Stopped by Jake Allen without a rebound.
18:17 of 3rd period - Nick Shore wins face-off versus Sergey Kalinin in Reign zone.
18:23 of 3rd period - Minor Penalty to Brendan Lemieux for Tripping.
18:24 of 3rd period - Calle Jarnkrok wins face-off versus Sergey Kalinin in Reign zone.
18:24 of 3rd period - Wrist shot by Michael Bournival.
18:24 of 3rd period - Shot Misses the Net.
18:26 of 3rd period - Slapshot by Michael Bournival.
18:26 of 3rd period - Stopped by Jake Allen without a rebound.
18:27 of 3rd period - Calle Jarnkrok wins face-off versus Sergey Kalinin in Reign zone.
19:00 of 3rd period - Phantoms, Zachary Fucale is pulled from the net.
19:04 of 3rd period - Slapshot by Tyler Brenner.
19:04 of 3rd period - Shot Misses the Net.
19:35 of 3rd period - Off-side.
19:36 of 3rd period - Randy Cunneyworth call a timeout for Phantoms.
19:36 of 3rd period - Daultan Leveillé wins face-off versus Tyler Brenner in neutral zone.
19:44 of 3rd period - Off-side.
19:45 of 3rd period - Calle Jarnkrok wins face-off versus Sergey Kalinin in neutral zone.
Goals for this period are 3 for Phantoms vs 1 for Reign.
Shots for this period are 7 for Phantoms vs 10 for Reign.